 Dungeon Crawl Stone Soup version 0.31.0-32-g396128a36d (webtiles) character file.

Game seed: 3134762709694035052

673 Sunbaer the Fighter (level 7, 0/73 HPs)
             Began as a Minotaur Berserker on Apr 6, 2024.
             Was a Priest of Trog.
             Slain by an orc wizard
             ... wielding a +0 dagger
              (2 damage)
             ... on level 5 of the Dungeon.
             The game lasted 00:05:21 (3863 turns).

Sunbaer the Fighter (Minotaur Berserker)            Turns: 3863, Time: 00:05:23

Health: 0/73       AC: 10    Str: 23    XL:     7   Next: 33%
Magic:  6/6        EV:  9    Int:  4    God:    Trog [***...]
Gold:   230        SH:  5    Dex: 10    Spells: 6/6 levels left

rFire   . . .        w - +0 war axe
rCold   + . .        (no shield)
rNeg    . . .        b - +1 chain mail {rC+}
rPois   +            (helmet restricted)
rElec   .            q - +0 cloak
rCorr   .            (no gloves)
SInv    .            (no boots)
Will    .....        o - amulet of reflection Stlth
                     u - ring of poison resistance
HPRegen 0.32/turn    (no ring)
MPRegen 0.10/turn

%: reflection
@: no status effects
A: horns 2, retaliatory headbutt
a: Renounce Religion, Berserk, Trog's Hand


You were on level 5 of the Dungeon.
You worshipped Trog.
Trog was most pleased with you.
You visited 1 branch of the dungeon, and saw 5 of its levels.

You collected 268 gold pieces.
You spent 38 gold pieces at shops.

Inventory:

Hand Weapons
 f - a +0 flail
 r - a +2 quarterstaff of chaos
 w - a +0 war axe (weapon)
Missiles
 x - 2 throwing nets (quivered)
Armour
 b - a +1 chain mail of cold resistance (worn)
 q - a +0 cloak (worn)
Jewellery
 a - an amulet of the acrobat
 o - an amulet of reflection (around neck)
 u - a ring of poison resistance (left hand)
Scrolls
 c - 4 scrolls of identify {unknown}
 e - 2 scrolls of torment {unknown}
 g - a scroll of revelation {unknown}
 i - a scroll of fog {unknown}
 m - a scroll of vulnerability {unknown}
 n - a scroll of fear {unknown}
 s - a scroll of enchant weapon {unknown}
 t - a scroll of noise {unknown}
 v - 3 scrolls of teleportation {unknown}
 y - a scroll of amnesia {unknown}
Potions
 d - 2 potions of berserk rage {unknown}
 h - 4 potions of lignification {unknown}
 j - 3 potions of resistance {unknown}
 k - a potion of degeneration {unknown}
 l - a potion of enlightenment {unknown}
 p - a potion of heal wounds {unknown}


   Skills:
 + Level 10.3 Fighting
 - Level 3.6 Axes
 - Level 2.4 Armour
 - Level 2.1 Dodging


You had 6 spell levels left.
You didn't know any spells.
Your spell library was empty.

Dungeon Overview and Level Annotations

Branches:
Dungeon (5/15)             Temple (0/1) D:4

Altars:
Ashenzari
Ru
Trog
Yredelemnul

Shops:
D:4 (


Innate Abilities, Weirdness & Mutations

You have a pair of horns on your head.
You reflexively headbutt those who attack you in melee.


Message History

Unknown command.
You bump into the rock wall.
The gnoll hits you but does no damage. Something hits you but does no damage.
The gnoll hits you but does no damage.
Unknown command.
Unknown command.
Unknown command.
Unknown command.
Unknown command.
You're too confused to move!
The gnoll hits you with a +0 flail.
* * * LOW HITPOINT WARNING * * *
Something hits you but does no damage. The gnoll hits you but does no damage.
Unknown command.
Unknown command.
Unknown command.
You barely miss the gnoll.
The gnoll is almost dead.
You miss something. The gnoll hits you with a +0 flail!
* * * LOW HITPOINT WARNING * * *
You hear some strange, mumbled words.
Something tries to affect you, but you resist.
The gnoll hits you but does no damage.
Unknown command.
The gnoll hits you with a +0 flail.
* * * LOW HITPOINT WARNING * * *
You hear some strange, mumbled words.
A puff of flame appears from out of thin air!
The puff of flame hits you!
* * * LOW HITPOINT WARNING * * *
The gnoll hits you with a +0 spear.
* * * LOW HITPOINT WARNING * * *
Unknown command.
Unknown command.
Something hits you but does no damage. The gnoll hits you but does no damage.
You slash the gnoll!
You kill the gnoll!
Trog accepts your kill.
You completely miss something. You hit the gnoll.
You feel less confused. Something hits you.
You die...

.................#
.#.
.####............#
....
###.........###
#...#
##..###.......
#...# ##..##
##...<..
#...####..##
##.....#
#......)..#
#......#
#....)....#
#..#...#
#....@g..##
#..##....
#........# #.#
##...
#..........##..
#...
#..............#
#...
#...............
#...
................
#...#
....###.........
...### ..##
......... .##


You could see a gnoll.

Vanquished Creatures
  The ghost of TacoSundae the Ruffian, an amateur VSSh (D:3)
  A howler monkey (D:4)
  3 orc priests (D:5)
  Crazy Yiuf (D:2)
  An iguana (D:5)
  Terence (D:2)
  A scorpion zombie (D:3)
  6 orc wizards
  A hound zombie (D:3)
  2 gnolls (D:5)
  3 adders
  A white imp (D:5)
  A dart slug (D:3)
  20 orcs
  6 ball pythons
  A bat (D:3)
  An endoplasm (D:2)
  A giant cockroach (D:3)
  7 goblins
  4 hobgoblins
  4 kobolds
  4 quokkas
  7 rats
78 creatures vanquished.

Notes
Turn   | Place    | Note
-------+----------+-------------------------------------------
     0 | D:1      | Sunbaer the Minotaur Berserker began the quest for the Orb.
     0 | D:1      | Reached XP level 1. HP: 19/19 MP: 0/0
    92 | D:1      | Reached skill level 4 in Fighting
   655 | D:1      | Reached XP level 2. HP: 28/28 MP: 1/1
   915 | D:2      | Found a faded altar of an unknown god.
  1099 | D:2      | Noticed Terence
  1115 | D:2      | Killed Terence
  1116 | D:2      | Reached skill level 5 in Fighting
  1116 | D:2      | Reached XP level 3. HP: 25/36 MP: 2/2
  1161 | D:2      | Found a runed translucent door.
  1162 | D:2      | Noticed Crazy Yiuf
  1634 | D:2      | Killed Crazy Yiuf
  1635 | D:2      | Reached skill level 6 in Fighting
  1635 | D:2      | Reached XP level 4. HP: 44/44 MP: 3/3
  1698 | D:3      | Found a broken altar of Ashenzari.
  1993 | D:3      | Found a bloodstained altar of Trog.
  2118 | D:3      | Reached ** piety under Trog
  2250 | D:3      | Reached XP level 5. HP: 50/51 MP: 4/4
  2252 | D:3      | Reached skill level 7 in Fighting
  2415 | D:3      | Found a runed translucent gate.
  2415 | D:3      | Found a runed translucent gate.
  2415 | D:3      | Found a runed translucent gate.
  2415 | D:3      | Noticed TacoSundae's ghost (amateur VSSh)
  2417 | D:3      | Found a basalt altar of Yredelemnul.
  2452 | D:3      | Killed TacoSundae's ghost
  2453 | D:3      | Reached skill level 8 in Fighting
  2453 | D:3      | Reached XP level 6. HP: 62/62 MP: 5/5
  2541 | D:4      | Found a staircase to the Ecumenical Temple.
  2546 | D:4      | Found Rojiuddo's Weapon Shoppe.
  2581 | D:4      | Reached skill level 9 in Fighting
  2682 | D:4      | Bought a +0 war axe for 38 gold pieces
  3377 | D:4      | Found a sacrificial altar of Ru.
  3599 | D:5      | Entered Level 5 of the Dungeon
  3665 | D:5      | Reached XP level 7. HP: 41/71 MP: 6/6
  3847 | D:5      | Reached skill level 10 in Fighting
  3850 | D:5      | Reached *** piety under Trog
  3861 | D:5      | HP: 2/73 [something/puff of flame (8)]
  3863 | D:5      | Slain by an orc wizard

Illustrated notes

Levels and vault maps discovered:
D:1:      roderic_crop_circles_arrival_small, layout_basic
D:2:      layout_basic, ebering_ecumenical_altar_sacrificial,
          skrybe_limestone_x, uniq_terence, uniq_crazy_yiuf_cottage
D:3:      layout_basic, lemuel_round_altar, bloody_trog,
          nicolae_yredelemnul_ghost_church
D:4:      layout_basic, mainiacjoe_overflow_alcove_1,
          minmay_temple_entry_stoned_glass, serial_shops, shop
D:5:      layout_layer_cave, reono_crystal_passage

Skill      XL: |  1  2  3  4  5  6  7 |
---------------+----------------------+-----
Fighting       | 4 5 6 8 9 10 | 10.3
Axes           | |  3.6
Armour         | |  2.4
Dodging        | |  2.1

Action                     |  1- 3 |  4- 6 |  7- 9 || total
---------------------------+-------+-------+-------++-------
  Melee: Hand axe          |    66 |    73 |       ||   139
         Headbutt          |     8 |    17 |     2 ||    27
         Quarterstaff      |       |     3 |       ||     3
         War axe           |       |    32 |    20 ||    52
 Invoke: Berserk           |     1 |     1 |       ||     2
 Armour: Animal skin       |     5 |       |       ||     5
         Ring mail         |    12 |       |       ||    12
         Chain mail        |    24 |   123 |    61 ||   208
  Dodge: Dodged            |    42 |    51 |    10 ||   103
  Block: Other             |     9 |    29 |     6 ||    44
